 Dungeon Crawl Stone Soup version 0.29-a0-362-g5854e031c7 (webtiles) character file.

Game seed: 4240108180273896856

220 spiderkeys the Skirmisher (level 5, 0/57 HPs)
             Began as an Ogre Abyssal Knight on Apr 29, 2022.
             Was a Priest of Lugonu.
             Slain by Grinder (4 damage)
             ... on level 3 of the Dungeon.
             The game lasted 00:03:35 (3016 turns).

spiderkeys the Skirmisher (Ogre Abyssal Knight)     Turns: 3016, Time: 00:03:36

Health: 0/57       AC:  3    Str: 17    XL:     5   Next: 97%
Magic:  16/16      EV: 10    Int: 13    God:    Lugonu [***...]
Gold:   41         SH:  0    Dex:  9    Spells: 4/4 levels left

rFire   . . .      SeeInvis .   a - +1 hand axe
rCold   . . .      Faith    .   (no shield)
rNeg    . . .      Spirit   .   b - +0 robe
rPois   .          Reflect  .   (helmet restricted)
rElec   .          Harm     .   (no cloak)
rCorr   +          Rampage  .   (gloves unavailable)
Will    .....                   (boots unavailable)
Stlth   +.........              A - amulet of the acrobat
HPRegen 0.19/turn               W - ring of magical power
MPRegen 0.15/turn               R - ring of resist corrosion

@: no status effects
A: large, unfitting armour, tough skin 1
a: Renounce Religion, Depart the Abyss, Bend Space, Banish


You were on level 3 of the Dungeon.
You worshipped Lugonu.
Lugonu was most pleased with you.
You visited 1 branch of the dungeon, and saw 3 of its levels.
You visited the Abyss 1 time.

You collected 41 gold pieces.


Innate Abilities, Weirdness & Mutations

You are too large for most types of armour.
You have tough skin. (AC +1)


   Skills:
 + Level 5.4 Fighting
 + Level 3.3 Axes
 + Level 3.3 Dodging
 + Level 3.5 Invocations


You had 4 spell levels left.
You didn't know any spells.
Your spell library contained the following spells:

 Spells                   Type           Power      Damage    Failure   Level
 Shock                    Conj/Air       0%         1d3       30%         1
 Swiftness                Air            0%         N/A       67%         3
 Airstrike                Air            0%         N/A       97%         4

Inventory:

Hand Weapons
 a - a +1 hand axe (weapon)
Missiles
 d - 28 stones
 i - 3 poisoned darts
Armour
 b - a +0 robe (worn)
 n - a +0 robe
   (You took it off Jessica on level 2 of the Dungeon)
Jewellery
 A - an amulet of the acrobat (around neck)
   (You took it off a hobgoblin on level 3 of the Dungeon)
 L - a ring of flight
   (You found it on level 2 of the Dungeon)
 R - a ring of resist corrosion (right hand)
   (You found it on level 1 of the Dungeon)
 W - a ring of magical power (left hand)
   (You found it on level 1 of the Dungeon)
Wands
 k - a wand of paralysis (8)
   (You found it on level 2 of the Dungeon)
Scrolls
 e - a scroll of enchant weapon
 g - 2 scrolls of fear
 h - 2 scrolls of torment {!r}
 o - a scroll of blinking {!r}
Potions
 f - 3 potions of magic {unknown}
 j - a potion of might {unknown}
 l - a potion of lignification {unknown}

Dungeon Overview and Level Annotations

Branches:
Dungeon (3/15)

Altars:

Annotations:
D:3 Grinder
Abyss:1 Terence

.. ###.######
#........#
#........#
####..(.....#
#...........#
#.##........#
##.......####
##....@....####
#.....5......# .#
......##.......##.#
...###.##..$....##.#
..# ...#$......##.#
.# ....#.......##.#
#... #.......##.# #.
#.......##.#####.
#................


You could see Grinder.


Message History

[Y]es or [N]o only, please.
Keep equipping yourself?
The sling bullet closely misses you.
You continue putting on your amulet of the acrobat. x2
The goblin shoots a sling bullet.
The sling bullet hits you.
You continue putting on your amulet of the acrobat.
The goblin shoots a sling bullet.
The sling bullet closely misses you.
You continue putting on your amulet of the acrobat.
The goblin shoots a sling bullet.
The sling bullet hits you but does no damage.
You finish putting on your amulet of the acrobat.
You feel ready to tumble and roll out of harm's way.
A - an amulet of the acrobat (around neck)
The goblin shoots a sling bullet.
The sling bullet closely misses you.
The goblin shoots a sling bullet.
The sling bullet closely misses you.
The goblin shoots a sling bullet.
The sling bullet completely misses you.
The goblin unwields a +0 hunting sling.
The goblin wields a +0 club.
The goblin barely misses you.
You closely miss the goblin. The goblin misses you.
You slash the goblin!
You kill the goblin!
Lugonu accepts your kill.
No target in view!
No target in view!
No target in view!
Things that are here:
a +0 club; a +0 hunting sling; a goblin corpse Grinder comes into view.
Grinder shouts!
You see here 12 gold pieces.
Okay, then.
Aiming: Paralyse
Press: ? - help, Shift-Dir - straight line, f - Grinder
Aim: Grinder (chance to affect: 49%) Grinder suddenly stops moving!
Okay, then.
Throw: 5 javelins
Press: ? - help, Shift-Dir - straight line, f/p - Grinder
Aim: Grinder (paralysed, 98% to hit)
You throw a javelin. The javelin completely misses Grinder.
Throw: 4 javelins
Press: ? - help, Shift-Dir - straight line, f/p - Grinder
Aim: Grinder (paralysed, 98% to hit)
You throw a javelin. The javelin pierces through Grinder.
Throw: 3 javelins
Press: ? - help, Shift-Dir - straight line, f/p - Grinder
Aim: Grinder (lightly wounded, paralysed, 98% to hit)
You throw a javelin.
The javelin pierces through Grinder but does no damage.
Throw: 2 javelins
Press: ? - help, Shift-Dir - straight line, f/p - Grinder
Aim: Grinder (lightly wounded, paralysed, 98% to hit)
You throw a javelin. The javelin pierces through Grinder.
Throw: javelin
Press: ? - help, Shift-Dir - straight line, f/p - Grinder
Aim: Grinder (lightly wounded, paralysed, 98% to hit)
You throw a javelin. The javelin pierces through Grinder.
Grinder is no longer paralysed.
You closely miss Grinder. Grinder hits you.
You writhe in agony. 😕 HP[-7]
You take 7 damage, and now have 50/57 hp.
You hit Grinder. Grinder barely misses you.
Grinder closely misses you. 😕 HP[+1]
You closely miss Grinder.
Grinder blinks!
Grinder gestures at you.
Pain shoots through your body! 😮 HP[-13]
You take 13 damage, and now have 38/57 hp.
MASSIVE DAMAGE!! (PAUSE) 😮 HP[+1] Grinder gestures at you.
You suddenly lose the ability to move!
Grinder hits you!
You writhe in agony.
* * * LOW HITPOINT WARNING * * *
Grinder hits you.
* * * LOW HITPOINT WARNING * * *
You writhe in agony.
* * * LOW HITPOINT WARNING * * *
You can move again.
You hit Grinder. Grinder gestures at you. Pain shoots through your body!
* * * LOW HITPOINT WARNING * * *
😱 HP[-29]
You take 29 damage, and now have 10/57 hp.
MASSIVE DAMAGE!! (PAUSE)
Okay, then.
Press: ? - help, Shift-Dir - straight line, f/p - Grinder
Aim: Grinder (moderately wounded, chance to affect: 81%)
Okay, then.
Press: ? - help, v - describe, . - travel
Here: Grinder (moderately wounded)
The floor.
Press: ? - help, Shift-Dir - straight line, f/p - Grinder
Aim: Grinder (moderately wounded, chance to affect: 81%)
You fail to use your ability.
Grinder hits you!
* * * LOW HITPOINT WARNING * * *
You writhe in agony.
You die...

Skill      XL: |  1  2  3  4 |
---------------+-------------+-----
Fighting       | 5 |  5.4
Dodging        | 3 |  3.3
Invocations    | 3 |  3.5
Axes           | 3 |  3.3

Action                   |  1- 3 |  4- 6 || total
-------------------------+-------+-------++-------
Melee: Hand axe          |   129 |    71 ||   200
       Punch             |     1 |       ||     1
Throw: Dart              |       |     1 ||     1
       Javelin           |       |     9 ||     9
Invok: Bend Space        |       |     1 ||     1
       Banish            |       |     1 ||     1
Evoke: Wand              |       |     1 ||     1
  Use: Scroll            |       |     4 ||     4
Armor: Robe              |    59 |    15 ||    74
Dodge: Dodged            |    80 |    41 ||   121

Levels and vault maps discovered:
D:1:      wander_arrival_lonely_grave, layout_basic, st_stairs_7
D:2:      layout_loops_ring, minmay_hexomino_u4, uniq_natasha, uniq_jessica,
          uniq_terence
D:3:      layout_basic, lemuel_round_altar, serial_shops, shop_fountains,
          shapermc_ecumenical_altar_venn, uniq_grinder

Notes
Turn   | Place    | Note
-------+----------+-------------------------------------------
     0 | Abyss:1  | spiderkeys the Ogre Abyssal Knight began the quest for the
                  | Orb.
     0 | Abyss:1  | Reached XP level 1. HP: 24/24 MP: 2/2
     0 | Abyss:1  | magus.rc [v1.11.3]
     6 | D:1      | You pass through the gate.
     6 | D:1      | Escaped the Abyss
   225 | D:1      | Reached XP level 2. HP: 30/32 MP: 3/3
   690 | D:1      | Reached XP level 3. HP: 39/40 MP: 4/4
   741 | D:1      | Reached *** piety under Lugonu
  1324 | D:2      | Noticed Terence
  1339 | D:1      | Reached XP level 4. HP: 14/49 MP: 6/6
  1673 | D:2      | Banished Terence
  1890 | D:2      | Noticed Natasha
  1902 | D:2      | HP: 12/49 [Natasha/magic dart (7)]
  1903 | D:2      | Killed Natasha
  1904 | D:2      | Reached skill level 5 in Fighting
  1904 | D:2      | Reached skill level 3 in Dodging
  1904 | D:2      | Reached skill level 3 in Invocations
  2226 | D:2      | Reached skill level 3 in Axes
  2226 | D:2      | Reached XP level 5. HP: 56/57 MP: 7/7
  2303 | D:2      | Noticed Natasha
  2311 | D:2      | Killed Natasha
  2326 | D:2      | Noticed Natasha
  2335 | D:2      | Killed Natasha
  2616 | D:2      | You pick up a book of Air and begin reading...
  2616 | D:2      | You add the spells Shock, Swiftness and Airstrike to your
                  | library.
  2627 | D:2      | Noticed Jessica
  2630 | D:2      | Killed Jessica
  2994 | D:3      | Noticed Grinder
  3012 | D:3      | Paralysed by Grinder for 3 turns
  3015 | D:3      | HP: 10/57 [Grinder/nerve-wracking pain (8)]
  3016 | D:3      | HP: 4/57 [Grinder (7)]
  3016 | D:3      | Slain by Grinder

Vanquished Creatures
  Jessica (D:2)
  Natasha (thrice) (D:2)
  3 adders
  A dart slug (D:2)
  6 ball pythons
  5 endoplasms
  3 giant cockroaches
  7 goblins
  4 hobgoblins
  5 jackals
  2 quokkas
  9 bats
  2 frilled lizards (D:1)
  6 kobolds
  3 rats
60 creatures vanquished.

Table legend:
 A = Non-vault XP
 B = Vault XP
 C = Vault XP percentage of total XP
 D = Non-vault monster count
 E = Vault monster count
 F = Vault count percentage of total count
                 A         B        C        D         E       F
            +---------+---------+-------+---------+---------+-------
      Total |     197 |     118 |  37.5 |      53 |       8 |  13.1
            +---------+---------+-------+---------+---------+-------
        D:1 |      71 |       1 |   1.4 |      34 |       1 |   2.9
        D:2 |     119 |     117 |  49.6 |      15 |       7 |  31.8
        D:3 |       7 |       0 |   0.0 |       4 |       0 |   0.0
            +---------+---------+-------+---------+---------+-------

Illustrated notes

Table legend:
 A = Kills in this place as a percentage of kills in entire the game.
 B = Kills by you in this place as a percentage of kills by you in the entire game.
 C = Kills by friends in this place as a percentage of kills by friends in the entire game.
 D = Other kills in this place as a percentage of other kills in the entire game.
 E = Experience gained in this place as a percentage of experience gained in the entire game.
 F = Experience gained in this place divided by the number of levels of this place that you have seen.
                   A       B       C       D       E      F
               +-------+-------+-------+-------+-------+----------------------
         Total | 100.0 | 100.0 |   N/A | 100.0 | 100.0 |  78.8
       Dungeon | 100.0 | 100.0 |   N/A | 100.0 | 100.0 | 105.0
               +-------+-------+-------+-------+-------+----------------------

Table legend: (Time is in decaauts)
 A = Elapsed time spent in this place.
 B = Non-inter-level travel time spent in this place.
 C = Inter-level travel time spent in this place.
 D = Time resting spent in this place.
 E = Time spent auto-exploring this place.
 F = Levels seen in this place.
 G = Mean time per level.
                   A        B        C        D        E       F      G
               +--------+--------+--------+--------+--------+-----+--------+
         Total |   3055 |   3020 |     35 |    563 |   1971 |   4 |  763.8 |
       Dungeon |   3049 |   3014 |     35 |    563 |   1968 |   3 | 1016.3 |
         Abyss |      6 |      6 |      0 |      0 |      3 |   1 |    6.0 |
               +--------+--------+--------+--------+--------+-----+--------+

Top non-repeatable levels by time:
     D:1: 1618 daAuts
     D:2: 1252 daAuts
     D:3: 178 daAuts
 Abyss:1: 6 daAuts
